 Dungeon Crawl Stone Soup version 0.29-a0-870-g2c972031a6 (webtiles) character file.

Game seed: 7459057361562057392

32 reriks the Firebug (level 3, 0/19 HPs)
             Began as a Deep Elf Fire Elementalist on July 17, 2022.
             Slain by an adder (2 damage)
             ... on level 2 of the Dungeon.
             The game lasted 00:03:55 (2572 turns).

reriks the Firebug (Deep Elf Fire Elementalist)     Turns: 2572, Time: 00:03:55

Health: 0/19       AC:  3    Str:  5    XL:     3   Next: 8%
Magic:  3/9        EV: 13    Int: 21    God:
Gold:   92         SH:  0    Dex: 15    Spells: 5/8 levels left

rFire   + + .      SeeInvis .   h - +8 mace "Museff" {vorpal, rF++}
rCold   . . .      Faith    .   (no shield)
rNeg    . . .      Spirit   .   a - +0 robe
rPois   .          Reflect  .   (no helmet)
rElec   .          Harm     .   (no cloak)
rCorr   .          Rampage  .   (no gloves)
Will    .....                   i - +0 pair of boots
Stlth   ++........              (no amulet)
HPRegen 0.06/turn               (no ring)
MPRegen 0.11/turn               (no ring)

@: lethally poisoned (0 -> -4)
A: no striking features
a: no special abilities


You were on level 2 of the Dungeon.
You visited 1 branch of the dungeon, and saw 3 of its levels.

You collected 92 gold pieces.

Inventory:

Hand Weapons
 c - a +0 short sword
 h - the +8 mace "Museff" (weapon) {vorpal, rF++}
   (You found it on level 2 of the Dungeon)

   It inflicts extra damage upon your enemies.
   rF:        It greatly protects you from fire.
Armour
 a - a +0 robe (worn)
 i - a +0 pair of boots (worn)
Jewellery
 m - an amulet of faith
Scrolls
 e - a scroll of noise {unknown}
 f - 5 scrolls of identify {unknown}
 g - a scroll of amnesia {unknown}
 j - 3 scrolls of torment {unknown}
 n - a scroll of vulnerability {unknown}
 o - a scroll of teleportation {unknown}
Potions
 b - a potion of magic
 d - a potion of invisibility {unknown}
 k - a potion of flight {unknown}
 l - a potion of haste {unknown}


   Skills:
 + Level 2.9 Dodging
 + Level 3.0 Stealth
 + Level 3.4 Spellcasting
 + Level 1.7 Conjurations
 + Level 3.6 Fire Magic


You had 5 spell levels left.
You knew the following spells:

 Your Spells              Type           Power      Damage    Failure   Level
a - Foxfire               Conj/Fire      56%        2x1d6     4%          1
b - Scorch                Fire           36%        2d6       4%          2

Your spell library contained the following spells:

 Spells                   Type           Power      Damage    Failure   Level
 Summon Small Mammal      Summ           12%        N/A       13%         1
 Conjure Flame            Conj/Fire      14%        6-21      13%         3
 Inner Flame              Hex/Fire       11%        N/A       19%         3
 Call Canine Familiar     Summ           3%         N/A       36%         3
 Gell's Gravitas          Tloc           3%         N/A       36%         3
 Lesser Beckoning         Tloc           3%         N/A       36%         3
 Summon Guardian Golem    Hex/Summ       3%         N/A       36%         3
 Teleport Other           Tloc           3%         N/A       36%         3
 Flame Wave               Conj/Fire      14%        2d6       38%         4
 Fulminant Prism          Conj/Hex       3%         3d6       65%         4
 Airstrike                Air            1%         0-2+      77%         4
 Summon Lightning Spire   Summ/Air       3%         N/A       77%         4
 Irradiate                Conj/Tmut      3%         3d12      94%         5
 Lightning Bolt           Conj/Air       3%         1d15      94%         5
 Spellforged Servitor     Conj/Summ      3%         N/A       100%        7
 Chain Lightning          Conj/Air       3%         3d4       100%        9
 Fire Storm               Conj/Fire      7%         8d2       100%        9
 Shatter                  Erth           1%         3d6*      100%        9


Dungeon Overview and Level Annotations

Branches:
Dungeon (3/15)

Altars:


Message History

Casting: Scorch (safe; 4% risk of failure)
Confirm with . or Enter, or press ? or * to list all spells.
Flames lash the adder.
The adder is moderately wounded.
The adder's fire resistance burns away.
The adder bites you but does no damage. The ball python bites you.
The ball python constricts you. The adder bites you.
You are poisoned.
The adder poisons you! The ball python barely misses you.
The ball python constricts you.
Casting: Scorch (safe; 4% risk of failure)
Confirm with . or Enter, or press ? or * to list all spells.
Okay, then.
Unknown command.
Casting: Scorch (safe; 4% risk of failure)
Confirm with . or Enter, or press ? or * to list all spells.
Flames lash the ball python.
You kill the ball python!
You feel sick.
You hear an angry hiss.
The adder bites you.
You are more poisoned.
The adder poisons you! The adder closely misses you.
An orc comes into view. It is wielding a +0 club.
Okay, then.
You feel very sick.
The adder is no longer more vulnerable to fire.
The adder closely misses you.
You climb upwards.
You feel very sick.
There is a stone staircase leading down here.
Casting: Scorch (safe; 4% risk of failure)
Confirm with . or Enter, or press ? or * to list all spells.
Flames lash the adder.
The adder is severely wounded.
The adder's fire resistance burns away.
You feel sick. The adder bites you.
* * * LOW HITPOINT WARNING * * *
* * * LOW HITPOINT WARNING * * *
You feel sick. The adder bites you.
You die...

#.# ##.# #........
#.###########.## ####.#####
#..........##..# #.##..^8^.
####.>.....###.###.########
#.......# #.....####....
#.......# ####....##....
#.......# ##.#......##
#.......# #..#....).#
#......@# #..#.....###
#.....)S# ##..#.<......
#.......# #...#.....(..
####.#######.#.#........
#.#...........#######
##.............######
#..............##...
♣♣♣♣♣#...................
♣∩...'...................


You could see an adder (combustible).

Vanquished Creatures
  A worm (D:2)
  A dart slug (D:1)
  4 ball pythons
  A bat (D:1)
  5 endoplasms
  A giant cockroach (D:2)
  A goblin (D:1)
  3 hobgoblins (D:1)
  3 frilled lizards (D:1)
  2 kobolds (D:2)
  3 rats
25 creatures vanquished.

Vanquished Creatures (collateral kills)
  7 foxfires (D:2)
7 creatures vanquished.

Vanquished Creatures (others)
  50 foxfires
  3 plants (D:2)
53 creatures vanquished.

Grand Total: 85 creatures vanquished

Notes
Turn   | Place    | Note
-------+----------+-------------------------------------------
     0 | D:1      | reriks the Deep Elf Fire Elementalist began the quest for
                  | the Orb.
     0 | D:1      | Reached XP level 1. HP: 10/10 MP: 6/6
   782 | D:1      | Reached XP level 2. HP: 15/15 MP: 6/8
  1084 | D:1      | Learned a level 2 spell: Scorch
  1363 | D:1      | Got the Secrets of Blasting
  1605 | D:2      | Identified the +8 mace "Museff" {vorpal, rF++}
  2218 | D:2      | Reached XP level 3. HP: 19/19 MP: 4/9
  2336 | D:2      | Found a faded altar of an unknown god.
  2572 | D:2      | Slain by an adder

Illustrated notes

Levels and vault maps discovered:
D:1:      noname_arrival_rooms_in_the_neighbourhood, layout_basic
D:2:      layout_rooms, hellmonk_ecumenical_altar_crossroads, minmay_hedge_maze,
          minmay_misc_feat_room, kennysheep_flooded_box,
          ebering_dispersal_statue_hall, serial_bayou_lagoon_b
D:3:      layout_loops_ring, mainiacjoe_overflow_alcove_2, minmay_misc_feat_iff,
          minmay_misc_feat_tiny, minmay_misc_feat_diagonals,
          minmay_statues_item, minmay_large_rounded_square,
          uniq_crazy_yiuf_cottage

Skill      XL: |  1  2 |
---------------+-------+-----
Stealth        | 3 |  3.0
Dodging        | |  2.9
Spellcasting   | |  3.4
Conjurations   | |  1.7
Fire Magic     | |  3.6

Action                   || total
-------------------------++-------
Melee: Mace              ||     1
 Cast: Foxfire           ||    32
       Scorch            ||    12
Armor: Robe              ||     3
Dodge: Dodged            ||     6

Table legend: (Time is in decaauts)
 A = Elapsed time spent in this place.
 B = Non-inter-level travel time spent in this place.
 C = Inter-level travel time spent in this place.
 D = Time resting spent in this place.
 E = Time spent auto-exploring this place.
 F = Levels seen in this place.
 G = Mean time per level.
                   A        B        C        D        E       F      G
               +--------+--------+--------+--------+--------+-----+--------+
         Total |   2585 |   2513 |     72 |   1161 |   1101 |   3 |  861.7 |
       Dungeon |   2585 |   2513 |     72 |   1161 |   1101 |   3 |  861.7 |
               +--------+--------+--------+--------+--------+-----+--------+

Top non-repeatable levels by time:
     D:1: 1544 daAuts
     D:2: 1035 daAuts
     D:3: 5 daAuts
